 Dungeon Crawl Stone Soup version 0.23-a0-449-g8e4cbf7 (webtiles) character file.

42 galech the Skirmisher (level 3, -1/29 HPs)
             Began as a Demonspawn Fighter on Nov 21, 2018.
             Slain by an adder (2 damage)
             ... on level 2 of the Dungeon.
             The game lasted 00:00:49 (780 turns).

galech the Skirmisher (Demonspawn Fighter)           Turns: 780, Time: 00:00:50

Health: -1/29      AC:  6    Str: 16    XL:     3   Next: 33%
Magic:  3/3        EV:  7    Int: 14    God:
Gold:   48         SH:  9    Dex: 15    Spells: 2/2 levels left

rFire    . . .     SeeInvis .   a - +0 war axe
rCold    . . .     Gourm    .   c - +0 shield
rNeg     . . .     Faith    .   b - +0 scale mail
rPois    .         Spirit   .   (no helmet)
rElec    .         Reflect  .   (no cloak)
rCorr    .         Harm     .   (no gloves)
MR       .....                  (no boots)
Stlth    ..........             (no amulet)
HPRegen  0.09/turn              (no ring)
MPRegen  0.08/turn              (no ring)

@: brilliant, lethally poisoned (-1 -> -6)
A: hooves 1, thin skeletal structure 1
a: no special abilities


You were on level 2 of the Dungeon.
You were not hungry.

You visited 1 branch of the dungeon, and saw 2 of its levels.

You collected 48 gold pieces.

Inventory:

Hand Weapons
 a - a +0 war axe (weapon)
Armour
 b - a +0 scale mail (worn)
 c - a +0 shield (worn)
Scrolls
 e - a scroll of teleportation {unknown}
 g - a scroll of identify {unknown}
Potions
 d - a potion of might
Comestibles
 f - 2 rations


   Skills:
 + Level 3.4 Fighting
 + Level 2.2 Axes
 + Level 3.0 Armour
 + Level 0.2 Dodging
 + Level 3.0 Shields


You had 2 spell levels left.
You didn't know any spells.
Your spell library was empty.

Dungeon Overview and Level Annotations

Branches:
Dungeon (2/15)

Altars:


Innate Abilities, Weirdness & Mutations

You have large cloven feet.
You have a somewhat thin skeletal structure. (Dex +2, Stealth)


Message History

g - a scroll labeled LUURCH CIRPH You see here a +0 club.
You feel sick.
An adder comes into view.
The adder hisses angrily.
You feel sick.
You see here a +0 club.
You hit the adder.
The adder is lightly wounded.
You feel sick.
You are no longer poisoned.
The adder bites you.
* * * LOW HITPOINT WARNING * * *
You are lethally poisoned!
The adder poisons you! The adder bites you but does no damage.
It was a potion of brilliance.
You feel clever all of a sudden.
* * * LOW HITPOINT WARNING * * *
You feel sick. The adder bites you.
You die...

#. # $.# #.. #.# ##..
... ....##.# #.....#
#..?##########...
#.#)$@S..........
##.####.#.###########..
#.........# ..####.###
#.# #.##########
#...<.......
############


You could see an adder.

Vanquished Creatures
  2 adders (D:2)
  A leopard gecko (D:1)
  3 ball pythons (D:1)
  3 goblins
  A hobgoblin (D:1)
  2 jackals (D:1)
  5 kobolds
  2 frilled lizards (D:1)
  5 rats (D:1)
24 creatures vanquished.

Notes
Turn   | Place    | Note
-------+----------+-------------------------------------------
     0 | D:1      | galech the Demonspawn Fighter began the quest for the Orb.
     0 | D:1      | Reached XP level 1. HP: 18/18 MP: 1/1
   271 | D:1      | Gained mutation: You have a somewhat thin skeletal
                  | structure. (Dex +2, Stealth) [demonic ancestry]
   271 | D:1      | Reached XP level 2. HP: 14/24 MP: 2/2
   755 | D:2      | Gained mutation: You have large cloven feet. [demonic
                  | ancestry]
   755 | D:2      | Reached XP level 3. HP: 27/29 MP: 3/3
   780 | D:2      | HP: 1/29 [poisoned by an adder]
   780 | D:2      | Slain by an adder

Vault maps used:
D:1:      minmay_arrival_split_and_join, minmay_3d_cube

Skill      XL: |  1  2 |
---------------+-------+-----
Shields        | 3 |  3.0
Axes           | 2 |  2.2
Armour         | 3 |  3.0
Fighting       | |  3.4
Dodging        | |  0.2

Action                   || total
-------------------------++-------
Melee: War axe           ||    73
       Kick              ||     3
  Use: Potion            ||     1
Armor: Scale mail        ||    30
Dodge: Dodged            ||    20
Block: Shield            ||    45

Table legend:
 A = Non-vault XP
 B = Vault XP
 C = Vault XP percentage of total XP
 D = Non-vault monster count
 E = Vault monster count
 F = Vault count percentage of total count
                 A         B        C        D         E       F
            +---------+---------+-------+---------+---------+-------
      Total |      55 |       5 |   8.3 |      21 |       3 |  12.5
            +---------+---------+-------+---------+---------+-------
        D:1 |      24 |       5 |  17.2 |      16 |       3 |  15.8
        D:2 |      31 |       0 |   0.0 |       5 |       0 |   0.0
            +---------+---------+-------+---------+---------+-------
